 Dungeon Crawl Stone Soup version 0.19-a0-1587-gaef70b6 (webtiles) character file.

324 Amnesiac the Charlatan (level 6, 0/43 HPs)
             Began as a Mummy Artificer on Sept 16, 2016.
             Slain by Duvessa
             ... wielding a +0 short sword
              (3 damage)
             ... on level 4 of the Dungeon.
             The game lasted 00:04:43 (1532 turns).

Amnesiac the Charlatan (Mummy Artificer)            Turns: 1532, Time: 00:04:44

Health: 0/43       AC:  3    Str: 15    XL:     6   Next: 23%
Magic:  10/10      EV: 12    Int: 11    God:
Gold:   117        SH:  0    Dex: 14    Spells: 0 memorised, 5 levels left

rFire  x . .     SeeInvis .     a - +0 short sword
rCold  + . .     Gourm    .     b - +0 leather armour
rNeg   + + +     Faith    .     (no shield)
rPois  ∞         Spirit   .     (no helmet)
rElec  .         Dismiss  .     (no cloak)
rCorr  .         Reflect  .     (no gloves)
MR     .....     Harm     .     (no boots)
Stlth  +.........               (no amulet)
                                (no ring)
                                (no ring)

@: no status effects
A: no food or potions, fire vulnerability, cold resistance 1, negative energy
resistance 3, torment resistance, unbreathing
a: no special abilities


You were on level 4 of the Dungeon.
You were not hungry.

You visited 1 branch of the dungeon, and saw 4 of its levels.

You collected 117 gold pieces.

Inventory:

Hand Weapons
 a - a +0 short sword (weapon)
Armour
 b - a +0 leather armour (worn)
Wands
 c - a wand of flame (2/48)
 d - a wand of enslavement (9/24)
 e - a wand of random effects (4/48)
Scrolls
 f - a scroll of identify {unknown}


   Skills:
 - Level 1.0 Fighting
 - Level 0.7 Short Blades
 - Level 1.5 Dodging
 - Level 0.7 Stealth
 + Level 5.8 Evocations


You had 5 spell levels left.
You didn't know any spells.

Dungeon Overview and Level Annotations

Branches:
Dungeon (4/15)
 Temple: D:4-7

Altars:
Ashenzari
Qazlal

Annotations:
D:4 Dowan, Duvessa


Innate Abilities, Weirdness & Mutations

You do not eat or drink.
Your flesh is vulnerable to fire.
You are immune to poison.
Your flesh is cold resistant. (rC+)
You are immune to negative energy. (rN+++)
You are immune to unholy pain and torment.
You can survive without breathing.


Message History

You can't drink.
Unknown command.
Evoke which item? (* to show all) (? for menu, Esc to quit)
Zapping:
d - a wand of enslavement (11/24)
Press: ? - help, Shift-Dir - straight line, f/p - Duvessa
Aim: Duvessa, wielding a short sword and wearing a ring mail (lightly wounded, fast, chance to defeat MR: 40%) Duvessa resists with some effort.
This wand has 10 charges left.
Duvessa hits you with a short sword.
* * * LOW HITPOINT WARNING * * *
Your orc wizard is outlined in light.
Duvessa closely misses you.
Evoke which item? (* to show all) (? for menu, Esc to quit)
Zapping:
d - a wand of enslavement (10/24)
Press: ? - help, Shift-Dir - straight line, f/p - Duvessa
Aim: Duvessa, wielding a short sword and wearing a ring mail (lightly wounded, fast, chance to defeat MR: 40%) Duvessa resists with some effort.
This wand has 9 charges left.
Something hits your orc wizard.
Your orc priest looks braver for a moment.
Duvessa hits you with a short sword.
You die...

..... ### ###%...# ..... ##
.. ###. #....# ###.#.# . # #.
#.. #....#
#.....#.#.######.##.####....#
#.....#.#...................#
#......... ###......).....#
#.....#.# ###...........#
#.......# #..<)$).......#
........# #.@e.o........##
.####..## #.#o...........#
.####.## #.e#.####(.....#
##(...# ##.#.# #.###..##
......### ..#.# #.#.(...#
##.###..# #########.#o###.#
........# #o...o#.%...#
.#......# ....##§.#.###.#
......### .. ##(..#....


You could see Duvessa, a friendly orc priest and a friendly orc wizard.

Vanquished Creatures
  An ogre (D:4)
  A phantom (D:4)
  4 worker ants (D:4)
  An adder (D:4)
  A quokka (D:4)
  A leopard gecko (D:1)
  An orc (D:4)
  3 goblins (D:3)
  A hobgoblin (D:2)
  3 jackals (D:4)
  3 bats
  A frilled lizard (D:4)
  3 rats
24 creatures vanquished.

Vanquished Creatures (collateral kills)
  An adder skeleton (D:4)
  2 orcs (D:4)
3 creatures vanquished.

Vanquished Creatures (others)
  A phantom (D:4)
  A hound (D:4)
2 creatures vanquished.

Grand Total: 29 creatures vanquished

Notes
Turn   | Place    | Note
-------+----------+-------------------------------------------
     0 | D:1      | Amnesiac the Mummy Artificer began the quest for the Orb.
     0 | D:1      | Reached XP level 1. HP: 15/15 MP: 2/2
    59 | D:2      | Found a stormy altar of Qazlal.
   126 | D:3      | Reached XP level 2. HP: 17/21 MP: 4/4
   242 | D:3      | Reached skill level 3 in Evocations
   644 | D:4      | Reached XP level 3. HP: 26/26 MP: 5/5
   746 | D:4      | Found a shattered altar of Ashenzari.
   754 | D:4      | Reached skill level 4 in Evocations
   793 | D:4      | Reached XP level 4. HP: 5/32 MP: 7/7
  1322 | D:4      | Noticed a phantom
  1328 | D:4      | Noticed an ogre
  1332 | D:4      | Noticed a phantom
  1337 | D:4      | Killed an ogre
  1337 | D:4      | Reached skill level 5 in Evocations
  1337 | D:4      | Reached XP level 5. HP: 24/37 MP: 8/8
  1344 | D:4      | Killed a phantom
  1344 | D:4      | Reached XP level 6. HP: 29/43 MP: 8/10
  1499 | D:4      | Noticed Dowan
  1500 | D:4      | Noticed Duvessa
  1532 | D:4      | Slain by Duvessa

Vault maps used:
D:1:      evilmike_arrival_hilbert_curve, minmay_misc_feat_more_columns
D:2:      grunt_qazlal_sundering
D:3:      serial_bayou_pond_a
D:4:      serial_corexii_hall, corexii_hall_statues_s, corexii_hall_statues_t,
          first_bread, minmay_statues_item, hangedman_abyss_or_decor_stabs,
          ashenzari_altar_1, uniq_duvessa

Skill      XL: |  1  2  3  4 |
---------------+-------------+-----
Evocations     | 3 4 5 |  5.8
Fighting       | |  1.0
Short Blades   | |  0.7
Dodging        | |  1.5
Stealth        | |  0.7

Action                   |  1- 3 |  4- 6 || total
-------------------------+-------+-------++-------
Melee: Short sword       |    60 |    31 ||    91
Evoke: Wand              |     9 |    21 ||    30
Armor: Leather armour    |    12 |    11 ||    23
Dodge: Dodged            |    57 |    34 ||    91
